Map: Overgrown Facility

Players

Throwfordays - Winner!

  • Race: Protoss Protoss
  • League: Silver
  • Spawn Location: 7:00

Cthulhu - Winner!

  • Race: Terran Terran
  • Spawn Location: 9:00

xsagitariox

  • Race: Protoss Protoss
  • League: Silver
  • Spawn Location: 1:00

danycristian

  • Race: Terran Terran
  • League: Gold
  • Spawn Location: 3:00

VOD

Have the link to the VOD?

Description

Time

  • Played on: Feb. 12, 2019, 9:44 p.m.
  • Length: 14:55
Show
View Real Time Build Order
Export as new Build Order

Throwfordays Protoss - Winner!

Build Orders: Colossus Rush 

Get SALT Encoding   

  12  0:02  Probe  
  13  0:14  Probe  
  14  0:22  Pylon  
  14  0:26  Probe  
  15  0:40  Gateway, Probe  
  16  0:53  Probe  
  17  1:00  Assimilator  
  17  1:05  Probe  
  18  1:15  Pylon  
  18  1:17  Probe  
  19  1:27  Cybernetics Core  
  19  1:33  Warp Gate  
  19  1:45  Nexus  
  19  1:51  Probe  
  20  1:56  Assimilator  
  20  2:17  Probe  
  20  2:21  Robotics Facility  
  21  2:29  Probe  
  22  2:41  Probe  
  23  2:48  Forge  
  23  2:54  Probe x2  
  25  3:02  Probe  
  25  3:06  Probe  
  25  3:11  Protoss Ground Weapons Level 1, Probe  
  27  3:18  Probe  
  29  3:23  Probe  
  29  3:24  Robotics Bay  
  30  3:29  Robotics Facility  
  30  3:30  Probe  
  31  3:35  Probe  
  32  3:42  Probe  
  32  3:48  Probe  
  34  3:54  Probe  
  35  3:56  Adept  
  35  4:00  Probe  
  38  4:04  Colossus  
  38  4:06  Probe  
  39  4:12  Probe  
  46  4:31  Probe x2  
  46  4:39  Assimilator  
  46  4:42  Assimilator  
  46  4:46  Extended Thermal Lance  
  46  4:47  Pylon  
  46  4:49  Pylon  
  46  4:51  Pylon  
  46  5:05  Probe x2  
  48  5:10  Protoss Ground Armor Level 1  
  48  5:17  Colossus, Probe  
  48  5:19  Colossus  
  61  5:29  Probe  
  61  5:30  Robotics Facility  
  62  5:48  Probe  
  63  5:55  Robotics Facility  
  63  5:58  Zealot  
  63  6:01  Gateway  
  63  6:02  Gateway  
  65  6:04  Gateway  
  65  6:10  Twilight Council  
  65  6:21  Colossus  
  69  6:57  Pylon  
  69  6:59  Pylon  
  69  7:02  Pylon  
  69  7:04  Pylon  
  69  7:07  Pylon, Colossus  
  69  7:09  Pylon, Colossus  
  81  8:47  Stalker  
  78  9:24  Pylon  
  78  9:27  Pylon  
  78  9:29  Photon Cannon  
  78  9:30  Photon Cannon  
  75  9:31  Pylon  
  75  9:32  Photon Cannon  
  75  9:34  Pylon, Photon Cannon  
  75  9:36  Photon Cannon  
  66  9:52  Photon Cannon  
  62  9:53  Photon Cannon  
  62  9:56  Photon Cannon  
  62  9:57  Photon Cannon  
  59  10:00  Photon Cannon  
  59  10:02  Photon Cannon  
  59  10:04  Photon Cannon  
  59  10:06  Photon Cannon  
  59  10:09  Pylon  
  59  10:10  Pylon  
  59  10:14  Pylon  
  59  10:16  Pylon  
  59  10:17  Pylon  
  59  10:18  Pylon  
  59  10:25  Photon Cannon  
  59  10:27  Pylon  
  52  10:41  Photon Cannon, Stalker  
  52  10:42  Stalker x2  
  58  10:44  Photon Cannon  
  58  10:45  Photon Cannon  
  52  11:04  Protoss Ground Weapons Level 2  
  52  11:05  Photon Cannon  
  52  11:07  Photon Cannon  
  52  11:09  Photon Cannon  
  52  11:10  Photon Cannon  
  52  11:11  Photon Cannon  
  52  11:19  Stalker x2  
  52  11:20  Stalker  
  58  11:44  Stalker x3  
  64  11:59  Nexus  
  64  13:12  Stalker x3  
  70  14:08  Probe  
  71  14:11  Probe  
  72  14:20  Probe  
  72  14:23  Probe  
  74  14:33  Probe  
  74  14:35  Probe  
Show
View Real Time Build Order
Export as new Build Order

Cthulhu Terran - Winner!

Build Orders:  

Get SALT Encoding   

  12  0:07  SCV  
  13  0:20  SCV  
  14  0:25  Supply Depot  
  14  0:33  SCV  
  15  0:41  Refinery  
  15  0:49  Barracks  
  15  0:52  SCV  
  16  1:03  Barracks  
  16  1:11  SCV  
  17  1:23  SCV  
  18  1:33  Refinery  
  18  1:36  SCV  
  18  1:37  Reaper, Supply Depot  
  20  1:50  Reaper  
  21  1:54  Orbital Command  
  21  2:09  Reaper  
  22  2:20  SCV  
  23  2:25  Reaper  
  24  2:38  SCV  
  24  2:42  Reaper  
  26  3:01  SCV  
  26  3:02  Reaper  
  28  3:14  Command Center  
  25  3:48  Marine  
  25  3:49  Marine  
  24  4:13  Marine  
  7  4:25  SCV  
  5  4:37  SCV  
  1  5:17  SCV  
  2  5:29  SCV  
  3  5:39  Supply Depot  
  3  5:48  SCV  
  4  6:00  SCV  
  5  6:06  Refinery  
  5  6:10  Barracks  
  5  6:14  SCV  
  6  6:57  Orbital Command  
  6  7:26  Marine  
  7  7:30  SCV  
  8  7:53  Marine  
  8  7:54  SCV  
  1  8:39  SCV  
  1  8:40  Marine  
  3  8:56  Bunker  
  2  9:24  Marine  
  2  9:25  SCV  
  4  9:42  Marine  
  5  10:00  Marine  
  5  10:05  Barracks  
  6  10:12  Command Center  
  6  10:17  Marine  
  7  10:35  Marine  
  8  11:03  SCV  
  9  11:04  Marine  
  9  11:06  Marine  
  11  11:16  SCV  
  12  11:22  Marine  
  12  11:24  Marine  
  14  11:38  Orbital Command  
  15  11:40  SCV  
  15  11:42  Marine x2  
  17  11:52  SCV  
  15  12:38  Marine x2, SCV x2  
  19  13:28  SCV x2  
  21  14:09  Marine  
  21  14:10  Marine  
  21  14:14  SCV  
  21  14:15  SCV  
  25  14:27  Marine  
  25  14:28  Marine  
  27  14:42  Command Center  
Show
View Real Time Build Order
Export as new Build Order

xsagitariox Protoss 

Build Orders:  

Get SALT Encoding   

  12  0:04  Probe  
  13  0:18  Probe  
  14  0:31  Pylon  
  14  0:34  Probe  
  15  0:51  Pylon  
  15  1:03  Assimilator  
  15  1:07  Forge  
  16  1:11  Probe  
  16  1:18  Gateway  
  16  1:22  Gateway  
  16  1:32  Probe  
  16  1:33  Gateway  
  17  1:43  Probe  
  18  1:59  Photon Cannon  
  18  2:05  Pylon  
  18  2:11  Zealot  
  20  2:16  Zealot  
  20  2:20  Zealot  
  24  2:30  Photon Cannon  
  24  2:35  Probe  
  25  2:43  Zealot  
  27  2:47  Probe  
  28  2:52  Zealot  
  30  3:08  Zealot  
  30  3:11  Zealot  
  34  3:18  Pylon  
  34  3:42  Zealot x2  
  34  3:43  Zealot  
  40  4:06  Zealot  
  40  4:07  Zealot x2  
  44  4:26  Zealot x2  
  46  4:54  Zealot  
  46  5:03  Pylon  
  50  5:21  Zealot x3  
  52  5:45  Cybernetics Core  
  52  5:48  Zealot  
  52  5:49  Probe  
  55  5:59  Pylon  
  55  6:17  Zealot x3  
  29  6:44  Zealot x3  
  33  6:49  Stargate  
  33  6:52  Stargate  
  33  6:56  Nexus  
  33  7:11  Zealot x2  
  37  7:19  Assimilator  
  37  7:25  Photon Cannon  
  37  7:33  Void Ray  
  37  7:35  Void Ray  
  45  8:02  Stargate  
  35  8:21  Void Ray  
  39  8:30  Probe  
  34  8:42  Probe  
  35  8:54  Probe  
  35  8:55  Void Ray  
  40  9:06  Probe  
  24  9:41  Void Ray  
  25  9:50  Assimilator  
  25  9:53  Assimilator, Probe  
  26  10:05  Probe  
  23  10:17  Probe  
  24  10:29  Probe  
  25  10:51  Probe  
  22  10:59  Probe  
  23  11:40  Probe  
  20  11:52  Probe  
  17  12:04  Probe  
  14  12:13  Probe  
  14  12:21  Probe  
  16  12:30  Probe  
  17  12:40  Probe  
  17  12:43  Fleet Beacon  
  18  12:48  Probe  
  18  12:52  Pylon  
  18  12:56  Probe  
  19  13:04  Probe  
  24  13:15  Probe  
  25  13:23  Pylon  
  25  13:28  Pylon  
  25  13:31  Pylon  
Show
View Real Time Build Order
Export as new Build Order

danycristian Terran 

Build Orders:  

Get SALT Encoding   

  12  0:02  SCV  
  13  0:18  Supply Depot  
  13  0:19  SCV  
  14  0:31  SCV  
  15  0:41  Barracks  
  15  0:43  SCV  
  16  0:50  Refinery  
  16  0:59  Barracks  
  16  1:02  SCV  
  17  1:14  SCV  
  18  1:26  SCV  
  19  1:34  Barracks Tech Lab  
  19  1:38  SCV  
  20  1:46  Barracks Reactor  
  20  1:48  Barracks  
  20  1:51  SCV  
  21  1:54  Marine  
  22  2:03  SCV  
  23  2:17  Supply Depot  
  23  2:18  Supply Depot  
  23  2:24  Orbital Command  
  23  2:39  Marine  
  23  2:40  Marine x2  
  23  2:41  Refinery  
  23  2:43  Barracks Reactor  
  26  2:56  Marine  
  26  2:58  Marine x2  
  29  3:06  Combat Shield  
  29  3:14  Marine  
  29  3:15  Marine  
  29  3:16  Marine  
  29  3:32  Marine  
  29  3:33  Marine  
  29  3:34  Marine  
  32  3:50  Marine  
  32  3:51  Marine  
  34  3:57  Marine x2  
  34  3:58  Marine  
  37  4:08  Marine, SCV  
  39  4:26  Supply Depot  
  39  4:28  Supply Depot  
  39  4:29  Supply Depot  
  39  4:48  Marine x4, SCV  
  44  5:05  Marine x2  
  28  5:26  Reaper  
  28  5:27  Reaper x3  
  33  5:32  Reaper  
  33  5:58  Reaper  
  33  5:59  Reaper x3  
  37  6:04  Reaper  
  37  6:05  Command Center  
  38  6:30  Reaper  
  38  6:31  Reaper x3  
  41  6:36  Reaper  
  39  7:00  Engineering Bay  
  39  7:02  Reaper, Engineering Bay  
  39  7:03  Reaper x3  
  30  7:08  Reaper  
  30  7:12  Factory  
  26  7:23  SCV  
  26  7:28  Terran Infantry Weapons Level 1  
  27  7:35  SCV  
  4  8:29  Factory  
  3  9:42  Orbital Command  
  3  10:09  SCV  
  4  10:21  SCV  
  5  10:39  Starport  
  5  10:43  Starport  
  4  11:28  SCV  
  5  11:43  Starport  
  5  12:11  SCV  
  6  12:21  Refinery, Starport Reactor  
  6  12:24  SCV  
  7  12:36  SCV  
  6  13:29  Viking  
Tags
 
Add a new tag
Caveats
  • Supply blocks, unpowered buildings, or Contaminate may cause inaccurate times.
  • Supply counts are checked every 10 seconds.